 Dungeon Crawl Stone Soup version 0.29.1-2-gbd0b4ee654 (webtiles) character file.

Game seed: 15376073618524617820

107 GorkyZ the Trooper (level 4, -3/37 HPs)
             Began as a Demonspawn Fighter on Nov 22, 2022.
             Killed by divine providence
             ... invoked by an orc priest
              (12 damage)
             ... on level 3 of the Dungeon.
             The game lasted 00:04:27 (1975 turns).

GorkyZ the Trooper (Demonspawn Fighter)             Turns: 1975, Time: 00:04:27

Health: -3/37      AC:  9    Str: 18    XL:     4   Next: 57%
Magic:  4/4        EV:  6    Int:  9    God:
Gold:   197        SH:  9    Dex: 13    Spells: 3/3 levels left

rFire   . . .      SeeInvis .   a - +0 war axe
rCold   . . .      Faith    .   c - +0 buckler
rNeg    . . .      Spirit   .   h - +0 chain mail
rPois   .          Reflect  .   (helmet restricted)
rElec   .          Harm     .   (no cloak)
rCorr   .          Rampage  .   (no gloves)
Will    .....                   (no boots)
Stlth   ..........              (no amulet)
HPRegen 0.12/turn               (no ring)
MPRegen 0.09/turn               (no ring)

@: no status effects
A: antennae 1, large bone plates 1, spiny 1
a: no special abilities


You were on level 3 of the Dungeon.
You visited 1 branch of the dungeon, and saw 3 of its levels.

You collected 197 gold pieces.

Inventory:

Hand Weapons
 a - a +0 war axe (weapon)
Armour
 b - a +0 scale mail
 c - a +0 buckler (worn)
 h - a +0 chain mail (worn)
Jewellery
 r - a ring of fire
Scrolls
 e - a scroll of noise {unknown}
 f - a scroll of blinking {unknown}
 k - 9 scrolls of identify {unknown}
 l - a scroll of fog {unknown}
 p - a scroll of silence {unknown}
 q - a scroll of teleportation {unknown}
 s - a scroll of acquirement {unknown}
 t - a scroll of vulnerability {unknown}
 u - a scroll of magic mapping {unknown}
Potions
 d - a potion of might
 g - a potion of lignification {unknown}
 i - 3 potions of curing {unknown}
 j - a potion of attraction {unknown}
 m - a potion of heal wounds {unknown}
 n - 2 potions of flight {unknown}
 o - a potion of berserk rage {unknown}


   Skills:
 + Level 3.6 Fighting
 + Level 2.5 Axes
 + Level 0.2 Throwing
 * Level 3.3 Armour
 + Level 0.3 Dodging
 + Level 3.3 Shields
 + Level 0.2 Evocations


You had 3 spell levels left.
You didn't know any spells.
Your spell library contained the following spells:

 Spells                   Type           Power      Damage    Failure   Level
 Magic Dart               Conj           0%         1d3       100%        1
 Call Imp                 Summ           0%         N/A       100%        2
 Mephitic Cloud           Conj/Pois/Air  0%         N/A       100%        3


Dungeon Overview and Level Annotations

Branches:
Dungeon (3/15)

Altars:


Innate Abilities, Weirdness & Mutations

You have a pair of small antennae on your head.
You are partially covered in large bone plates. (SH +4)
You are partially covered in sharp spines.


Message History

You are too injured to fight recklessly!
You are too injured to fight recklessly!
You are too injured to fight recklessly!
You are too injured to fight recklessly!
You are too injured to fight recklessly!
You are too injured to fight recklessly!
You are too injured to fight recklessly!
You are too injured to fight recklessly!
You are too injured to fight recklessly!
You are too injured to fight recklessly!
You are too injured to fight recklessly!
You are too injured to fight recklessly!
You are too injured to fight recklessly!
You are too injured to fight recklessly!
You are too injured to fight recklessly!
You are too injured to fight recklessly!
You are too injured to fight recklessly!
Unknown command.
You hit the orc priest.
The orc priest is moderately wounded.
The orc priest hits you but does no damage.
An orc comes into view. It is wielding a +0 mace.
The orc shouts!
You hit the orc priest.
The orc priest is severely wounded.
The orc priest is struck by your spines.
The orc priest hits you but does no damage.
The orc priest looks braver for a moment.
An orc priest comes into view. It is wielding a +0 dagger.
You hit the orc priest.
You kill the orc priest!
A ball python comes into view.
The orc hits you but does no damage.
Things that are here:
a +0 dagger; a +0 leather armour; an orc corpse You slash the orc!
You kill the orc!
The orc priest mumbles some strange prayers to Beogh against you.
Beogh smites you!
You die...

###### ### #.##.# #.#
#.##.# ##.# ##.##.#
##.######..###..##.#
#.oo)@.......#..##.#
#..####............#
.....................###
. #...###.#..#.#........
.. ...........####..
............# #..
.........#.#..####..
...##.#...S......... <..
................


You could see an orc priest and an orc.

Vanquished Creatures
  An orc priest (D:3)
  An adder (D:3)
  4 worms (D:2)
  An orc (D:3)
  4 ball pythons
  7 endoplasms
  4 giant cockroaches (D:1)
  7 goblins
  3 hobgoblins (D:1)
  3 jackals (D:2)
  2 quokkas
  5 frilled lizards
  7 kobolds
  6 rats
55 creatures vanquished.

Notes
Turn   | Place    | Note
-------+----------+-------------------------------------------
     0 | D:1      | GorkyZ the Demonspawn Fighter began the quest for the Orb.
     0 | D:1      | Reached XP level 1. HP: 18/18 MP: 1/1
    91 | D:1      | Gained mutation: You have a pair of small antennae on your
                  | head. [demonic ancestry]
    91 | D:1      | Reached XP level 2. HP: 21/24 MP: 2/2
   173 | D:1      | Found a faded altar of an unknown god.
   805 | D:1      | Gained mutation: You are partially covered in sharp spines.
                  | [demonic ancestry]
   805 | D:1      | Reached XP level 3. HP: 27/29 MP: 3/3
  1891 | D:3      | Gained mutation: You are partially covered in large bone
                  | plates. (SH +4) [demonic ancestry]
  1891 | D:3      | Reached XP level 4. HP: 36/36 MP: 4/4
  1975 | D:3      | Killed from afar by an orc priest

Illustrated notes

Levels and vault maps discovered:
D:1:      minmay_arrival_doors, layout_basic, chequers_ecumenical_altar_simple,
          minmay_statues_item, minmay_misc_feat_chi,
          minmay_misc_feat_more_columns
D:2:      layout_basic, kennysheep_generic_room_11
D:3:      layout_basic

Skill      XL: |  1  2 |
---------------+-------+-----
Axes           | 2 |  2.5
Shields        | 3 |  3.3
Armour         | 3 |  3.3
Fighting       | |  3.6
Throwing       | |  0.2
Dodging        | |  0.3
Evocations     | |  0.2

Action                   |  1- 3 |  4- 6 || total
-------------------------+-------+-------++-------
Melee: War axe           |    93 |    10 ||   103
Armor: Scale mail        |     7 |       ||     7
       Chain mail        |    48 |     3 ||    51
Dodge: Dodged            |    37 |     1 ||    38
Block: Buckler           |    22 |     3 ||    25
